 Dungeon Crawl Stone Soup version 0.16-a0-3533-gc382f62 (webtiles) character file.

541 Pikaro the Insei (level 7, -4/43 HPs)
             Began as an Octopode Transmuter on Jan 7, 2015.
             Slain by Prince Ribbit (18 damage)
             ... on level 4 of the Dungeon on Jan 8, 2015.
             The game lasted 00:18:10 (8135 turns).

Pikaro the Insei (Octopode Transmuter)              Turns: 8135, Time: 00:18:10

Health: -4/43      AC:  4    Str:  9    XL:     7   Next: 26%
Magic:  21/21      EV: 12    Int: 18    God:
Gold:   155        SH:  0    Dex: 15    Spells: 3 memorised, 4 levels left

rFire  . . .     SeeInvis .       - Unarmed
rCold  . . .     Clarity  .     (no shield)
rNeg   . . .     SustAb   .     (helmet restricted)
rPois  +         Gourm    .     (no amulet)
rElec  .         Spirit   .     k - +3 ring of protection
rCorr  .         Warding  .     s - ring of poison resistance {rP+, !d}
rMut   .         Stasis   .     m - ring of magical power {MP+9}
MR     .....                    x - +3 ring of dexterity
Stlth  ++........               (no ring)
                                (no ring)
                                (no ring)
                                (no ring)

@: appendage (expiring), not resistant to hostile enchantments, unstealthy
A: almost no armour, amphibious, 8 rings, constrict 8, tentacle spike 3,
camouflage 1, gelatinous body 1
a: End Transformation


You were on level 4 of the Dungeon.
You were hungry.
One of your tentacles had a temporary spike.
You visited 1 branch of the dungeon, and saw 5 of its levels.

You collected 155 gold pieces.

Inventory:

Hand weapons
 j - a +3 short sword of speed
   (You took it off a kobold on level 1 of the Dungeon)
Missiles
 b - 44 arrows
Jewellery
 k - a +3 ring of protection (left tentacle)
   (You found it on level 2 of the Dungeon)
 m - a ring of magical power (on tentacle) {MP+9}
   (You found it on level 3 of the Dungeon)
 s - a ring of poison resistance (right tentacle) {rP+, !d}
   (You found it on level 2 of the Dungeon)
 x - a +3 ring of dexterity (on tentacle)
   (You found it on level 3 of the Dungeon)
Magical devices
 A - a wand of cold (15)
   (You found it on level 4 of the Dungeon)
Scrolls
 h - 2 scrolls of recharging
 i - 6 scrolls of remove curse
 r - a scroll of random uselessness
 y - a scroll of enchant weapon
Potions
 e - 2 potions of curing
 n - 2 potions of cancellation {unknown}
 p - a potion of lignification {!q}
 q - a potion of invisibility
 u - a potion of restore abilities
 v - a potion of brilliance
Books
 d - a book of Changes
Comestibles
 a - 5 bread rations {@e1}
 f - 4 meat rations {@e2}
 g - a slice of pizza
 w - a beef jerky


   Skills:
 - Level 1.0 Fighting
 - Level 2.0 Dodging
 + Level 6.1 Unarmed Combat
 - Level 2.0 Spellcasting
 + Level 5.5 Transmutations


You had 4 spell levels left.
You knew the following spells:

 Your Spells              Type           Power        Failure   Level  Hunger
A - Beastly Appendage     Trmt           ###...       1%          1    #......
B - Sticks to Snakes      Trmt           ###.......   2%          2    ###....
C - Spider Form           Trmt/Pois      ##........   21%         3    ###....


Dungeon Overview and Level Annotations

Branches:
Dungeon (5/15)
 Temple: D:4-7

Altars:
Dithmenos
Elyvilon

Annotations:
D:4 Pikaro's ghost, average OpTm; Prince Ribbit
D:5 Sigmund; wojtek's ghost, experienced KoAs


Innate Abilities, Weirdness & Mutations

You cannot wear most types of armour.
You are amphibious.
You can wear up to eight rings at the same time.
You can use your tentacles to constrict many enemies at once.
Your skin changes colour to match your surroundings (Stealth).
Your rubbery body absorbs attacks (AC +1).
One of your tentacles bears a large vicious spike.


Message History

Wojtek's ghost hits you.
You take 1 damage, and have 36/43 hp.
You barely miss wojtek's ghost.
You feel sick. Wojtek's ghost hits you.
You take 6 damage, and have 30/43 hp.
You tentacle-slap wojtek's ghost. Your squeeze misses wojtek's ghost.
Wojtek's ghost hits you!
You are more poisoned.
You take 7 damage, and have 23/43 hp.
You feel sick.
You take 2 damage, and have 21/43 hp.
MP restored: 21 You feel sick.
You take 2 damage, and have 19/43 hp.
You feel sick.
You take 1 damage, and have 18/43 hp.
You feel sick.
You feel sick.
You take 1 damage, and have 17/43 hp.
Drink which item? (? for menu, Esc to quit)
Okay, then.
Drink which item? (? for menu, Esc to quit)
You feel better. Wojtek's ghost hits you.
You are poisoned.
You regained 7 hp, and now have 24/43 hp.
You feel sick.
You take 1 damage, and have 23/43 hp.
You feel sick.
You take 1 damage, and have 22/43 hp.
The goblin shouts!
You feel sick.
You feel sick.
You take 1 damage, and have 21/43 hp.
Your transformation is almost over.
You feel sick.
The water moccasin skeleton bites you but does no damage.
You take 1 damage, and have 20/43 hp.
You feel sick.
You take 1 damage, and have 20/43 hp.
Your tentacle spike disappears.
There is a stone staircase leading up, spattered with blood here.
The water moccasin skeleton bites you. x2
You climb upwards.
Level annotation: Pikaro's ghost, average OpTm You feel sick.
There is a stone staircase leading down here.
You take 7 damage, and have 13/43 hp.
You start resting.
You feel sick.
You are no longer poisoned.
You start resting.
You regained 14 hp, and now have 27/43 hp.
You start resting.
All of the chunks of flesh in your inventory have rotted away.
You regained 14 hp, and now have 41/43 hp.
You start resting.
Health restored: 43 Total turns waited: 215 You are feeling hungry.
A phantom comes into view.
Spoiler Alert: The phantom (wandering) can hit for moderate damage in melee and blinks!
One of your tentacles grows a vicious spike.
You now have 20/21 mp.
Spoiler Alert: The phantom can hit for moderate damage in melee and blinks!
You tentacle-slap the phantom.
The phantom blinks!
You barely miss the phantom.
Your tentacle spike misses the phantom.
Your squeeze misses the phantom. The phantom closely misses you.
You barely miss the phantom. The phantom hits you.
You take 6 damage, and have 37/43 hp.
You barely miss the phantom.
Your tentacle spike misses the phantom.
The phantom hits you.
You take 2 damage, and have 35/43 hp.
Spoiler Alert: The phantom can hit for moderate damage in melee and blinks!
You closely miss the phantom.
You pierce the phantom, but do no damage.
The phantom completely misses you.
MP restored: 21 You tentacle-slap the phantom but do no damage.
Your tentacle spike misses the phantom.
Your squeeze misses the phantom.
Spoiler Alert: The phantom can hit for moderate damage in melee and blinks!
You tentacle-slap the phantom. The phantom hits you!
The phantom blinks!
You take 7 damage, and have 28/43 hp.
Prince Ribbit comes into view.
Prince Ribbit gives a loud, deep croak!
Warning x2: The phantom can hit for moderate damage in melee and blinks!
Prince Ribbit is fast and can hit for high damage in melee!
Prince Ribbit blinks!
Prince Ribbit hits you.
You take 1 damage, and have 28/43 hp.
Your transformation is almost over.
You tentacle-slap Prince Ribbit.
Your grab passes through Prince Ribbit as he momentarily phases out.
Your tentacle spike misses Prince Ribbit.
Your squeeze passes through Prince Ribbit as he momentarily phases out.
Prince Ribbit hits you.
You take 3 damage, and have 25/43 hp.
Spoiler Alert: Prince Ribbit is fast and can hit for high damage in melee!
You bludgeon Prince Ribbit! Your grab misses Prince Ribbit.
Your tentacle spike misses Prince Ribbit.
Your squeeze misses Prince Ribbit. Prince Ribbit hits you!
Prince Ribbit hits you!!
You die...

....# #.# ##### #.# #.#
#.# #.#
################.#
.................#
###....#################
#.##.# #.F@......#
#.##W# #.#######.#
#.##.# ###.### ###.##.#
#.....#
....##.#####W###.#
######..W....# .#
#######.# # #?.. #####


You could see Prince Ribbit.

Vanquished Creatures
  A black bear (D:4)
  A scorpion (D:4)
  2 hounds (D:4)
  2 orc priests (D:3)
  2 orc wizards (D:3)
  A hound zombie (D:5)
  8 adders
  A giant mite (D:5)
  6 worms
  3 giant geckos
  2 oozes
  13 orcs
  4 giant cockroaches
  11 hobgoblins
  2 jackals (D:2)
  A quokka (D:3)
  A ball python (D:3)
  11 bats
  5 giant newts
  11 goblins
  11 kobolds
  15 rats
114 creatures vanquished.

Notes
Turn   | Place    | Note
--------------------------------------------------------------
     0 | D:1      | Pikaro, the Octopode Transmuter, began the quest for the Orb.
     0 | D:1      | Reached XP level 1. HP: 13/13 MP: 3/3
   374 | D:1      | Reached XP level 2. HP: 15/18 MP: 4/4
   750 | D:1      | Learned a level 2 spell: Sticks to Snakes
  1298 | D:1      | Reached XP level 3. HP: 21/23 MP: 6/6
  1827 | D:2      | HP: 3/23 [worm (6)]
  2224 | D:2      | Found a white marble altar of Elyvilon.
  2261 | D:2      | Reached skill level 4 in Unarmed Combat
  2445 | D:2      | Reached skill level 3 in Transmutations
  2445 | D:2      | Reached XP level 4. HP: 28/28 MP: 7/7
  3363 | D:2      | Found a white marble altar of Elyvilon.
  3498 | D:2      | Reached XP level 5. HP: 31/33 MP: 9/9
  4256 | D:3      | Reached skill level 5 in Unarmed Combat
  4514 | D:3      | Reached skill level 4 in Transmutations
  6157 | D:4      | Reached XP level 6. HP: 26/38 MP: 10/10
  6531 | D:4      | Noticed Pikaro's ghost (average OpTm)
  6686 | D:4      | Noticed a black bear
  6711 | D:4      | HP: 8/38 [black bear (7)]
  6739 | D:4      | HP: 7/38 [black bear (5)]
  6769 | D:4      | HP: 5/38 [giant gecko (5)]
  6780 | D:3      | HP: 4/38 [giant gecko (3)]
  7100 | D:3      | Reached skill level 5 in Transmutations
  7429 | D:4      | Learned a level 3 spell: Spider Form
  7456 | D:5      | Entered Level 5 of the Dungeon
  7456 | D:5      | Found a shadowy altar of Dithmenos.
  7466 | D:5      | Noticed wojtek's ghost (experienced KoAs)
  7466 | D:5      | Reached XP level 7. HP: 43/43 MP: 12/12
  7507 | D:5      | Noticed Sigmund
  7800 | D:4      | Killed a black bear
  7800 | D:4      | Reached skill level 6 in Unarmed Combat
  7824 | D:4      | Gained mutation: You are somewhat resistant to further mutation. [potion of mutation]
  7824 | D:4      | Gained mutation: Your body is slowly deteriorating. [potion of mutation]
  7825 | D:4      | Lost mutation: You are somewhat resistant to further mutation. [potion of cure mutation]
  7825 | D:4      | Lost mutation: Your body is slowly deteriorating. [potion of cure mutation]
  8126 | D:4      | Noticed Prince Ribbit
  8135 | D:4      | Slain by Prince Ribbit

Action                   |  1- 3 |  4- 6 |  7- 9 || total
-------------------------+-------+-------+-------++-------
Melee: Unarmed           |    46 |   103 |    27 ||   176
       Short sword       |    42 |    95 |       ||   137
 Cast: Beastly Appendage |     3 |     7 |     2 ||    12
       Spider Form       |       |       |     1 ||     1
  Use: Potion            |       |     3 |     3 ||     6
       Scroll            |       |       |    12 ||    12
 Stab: Distracted        |     1 |       |       ||     1
       Sleeping          |     4 |     3 |       ||     7
  Eat: Chunk             |     5 |    15 |     2 ||    22

Vault maps used:
D:1:      mrwooster_arrival_statue_2, hangedman_feature_mirror
D:2:      lemuel_doored_altar
D:3:      first_bread
D:4:      solitary_fountain, uniq_prince_ribbit1
D:5:      basic_altar, uniq_sigmund

Table legend:
 A = Turns spent in this place as a percentage of turns spent in the entire game.
 B = Non-inter-level travel turns spent in this place as a percentage of non-inter-level travel turns spent in the entire game.
 C = Inter-level travel turns spent in this place as a percentage of turns spent in this place.
 D = Turns resting spent in this place as a percentage of non-inter-level travel turns spent in this place.
 E = Turns spent auto-exploring this place as a percentage of non-inter-level travel turns spent in this place.
 F = Non-inter-level travel turns spent in this place divided by the number of levels of this place that you've seen.
                   A       B       C       D       E      F
               +-------+-------+-------+-------+-------+----------------------
         Total | 100.0 | 100.0 |   0.5 |   8.6 |   7.4 | 297.2
       Dungeon | 100.0 | 100.0 |   0.5 |   8.6 |   7.4 | 297.2
               +-------+-------+-------+-------+-------+----------------------

Table legend:
 A = Kills in this place as a percentage of kills in entire the game.
 B = Kills by you in this place as a percentage of kills by you in the entire game.
 C = Kills by friends in this place as a percentage of kills by friends in the entire game.
 D = Other kills in this place as a percentage of other kills in the entire game.
 E = Experience gained in this place as a percentage of experience gained in the entire game.
 F = Experience gained in this place divided by the number of levels of this place that you have seen.
                   A       B       C       D       E      F
               +-------+-------+-------+-------+-------+----------------------
         Total | 100.0 | 100.0 |  -nan |  -nan | 100.0 | 154.6
       Dungeon | 100.0 | 100.0 |  -nan |  -nan | 100.0 | 154.6
               +-------+-------+-------+-------+-------+----------------------
